Wild vs Hurricanes

Created - January-18-15 at 10:10

Goals
1 2 3 T
Wild 1 0 0 1
Hurricanes 2 1 1 4
Shots
1 2 3 T
Wild 8 5 7 20
Hurricanes 8 12 10 30

1st period

1. Hurricanes , Nick Foligno 9 (Ben Lovejoy, James Wisniewski) at 8:29 (PP)
2. Wild , Mark Streit 9 (Erik Cole, Daniel Alfredsson) at 14:25 (PP)
3. Hurricanes , Ben Lovejoy 6 (James Neal, Dustin Byfuglien) at 14:36

Penalties :
Brian Boyle (CAR) for Tripping (Minor) at 2:40, Michael Stone (MIN) for Roughing (Minor) at 6:42, Dustin Byfuglien (CAR) for Hooking (Minor) at 13:20

2nd period

4. Hurricanes , Michael Frolik 9 (James Wisniewski, Brooks Orpik) at 0:22

Penalties :
John-Michael Liles (MIN) for Tripping (Minor) at 0:27, Nick Foligno (CAR) for Tripping (Minor) at 1:23, Fedor Tyutin (MIN) for Tripping (Minor) at 13:41, Kevin Czuczman (CAR) for Cross-checking (Minor) at 18:16, Michael Stone (MIN) for High sticking (Minor) at 18:59

3rd period

5. Hurricanes , Dustin Byfuglien 7 (James Neal, Ben Lovejoy) at 0:16 (PP)

Penalties :
Dustin Byfuglien (CAR) for Interference (Minor) at 1:55, Brooks Orpik (CAR) for Tripping (Minor) at 2:27, Fedor Tyutin (MIN) for Goalie Interference (Minor) at 10:41, Milan Michalek (MIN) for High sticking (Minor) at 13:09, Fedor Tyutin (MIN) for Interference (Minor) at 17:23

Goalie Stats

Josh Harding (MIN), 26 saves from 30 shots - (0.867), L, 14-21-1, 60:00 minutes
Sergei Bobrovsky (CAR), 19 saves from 20 shots - (0.950), W, 15-16-5, 60:00 minutes

Players Stats for Wild

Player Name              G  A  P  +/- PIM S  H  SB GA TA FO     MP     PP MP  PK MP  
------------------------------------------------------------------------------------
Adam Hall                0  0  0   0  0   0  0  0  0  0  7/9     6:23   0:00   5:51 
Bobby Ryan               0  0  0   0  0   0  2  0  0  0  8/23   16:21   0:00   0:00 
Chris Phillips           0  0  0   0  0   1  1  2  0  0  0/0    16:47   0:00   5:52 
Daniel Alfredsson        0  1  1  -2  0   1  0  0  0  0  2/2    23:51   4:04   4:49 
Erik Cole                0  1  1   0  0   1  1  1  0  0  5/8    18:53   4:04   5:51 
Fedor Tyutin             0  0  0  -2  6   2  1  2  0  0  0/0    20:30   3:27   0:30 
Jesse Winchester         0  0  0   0  0   1  2  0  0  0  1/2     9:19   0:00   0:00 
John-Michael Liles       0  0  0   0  2   1  0  3  0  0  0/0    19:33   3:27   4:09 
Marco Scandella          0  0  0  -2  0   1  2  1  0  0  0/0    19:46   0:00   4:48 
Marian Gaborik           0  0  0   0  0   1  0  0  0  0  0/2    20:59   3:10   0:00 
Mark Streit              1  0  1   0  0   4  0  0  0  0  0/0    19:19   3:47   0:09 
Michael Ryder            0  0  0  -2  0   1  1  0  0  0  1/1    17:06   3:10   0:00 
Michael Stone            0  0  0   0  4   0  2  0  0  0  0/0    18:07   3:46   0:00 
Mikko Koivu              0  0  0  -2  0   2  1  0  0  0  15/21  17:36   3:10   0:00 
Milan Michalek           0  0  0   0  2   3  2  0  0  0  2/3    22:24   4:04   0:00 
Pierre-Marc Bouchard     0  0  0   0  0   1  0  0  0  0  5/11   14:08   0:00   4:49 
Rob Scuderi              0  0  0   0  0   0  0  0  0  0  0/0     5:52   0:00   5:52 
Rostislav Klesla         0  0  0   0  0   0  0  0  0  0  0/0     0:00   0:00   0:00 

Players Stats for Hurricanes

Player Name              G  A  P  +/- PIM S  H  SB GA TA FO     MP     PP MP  PK MP  
------------------------------------------------------------------------------------
Alex Chiasson            0  0  0   0  0   2  0  0  0  0  0/0     7:18   0:43   0:00 
Ben Lovejoy              1  2  3   1  0   5  1  1  0  0  0/0    22:33   5:49   2:40 
Blake Wheeler            0  0  0   1  0   2  3  0  0  0  2/5    22:43   5:20   2:32 
Brad Richardson          0  0  0   1  0   0  1  0  0  0  9/14   13:35   0:00   0:00 
Brandon McMillan         0  0  0   0  0   0  1  0  0  0  2/6     6:35   0:00   0:00 
Brian Boyle              0  0  0   0  2   1  4  1  0  0  15/22  14:36   5:20   2:30 
Brooks Orpik             0  1  1   1  2   0  1  0  0  0  0/0    18:15   0:00   2:54 
Derek Roy                0  0  0   1  0   1  0  0  0  0  8/25   20:16   4:37   1:46 
Dustin Byfuglien         1  1  2   1  4   3  3  2  0  0  0/0    23:38   5:09   2:45 
James Neal               0  2  2   1  0   4  5  0  0  0  0/4    22:08   5:20   1:07 
James Wisniewski         0  2  2   1  0   1  3  2  0  0  0/0    26:10   5:31   3:48 
Kevin Czuczman           0  0  0   0  2   1  4  0  0  0  0/0    17:14   4:51   1:25 
Michael Frolik           1  0  1   1  0   4  0  0  0  0  0/2    20:04   4:42   2:32 
Nick Foligno             1  0  1   1  2   6  6  0  0  0  0/3    20:10   4:36   2:31 
Patrick Maroon           0  0  0   0  0   0  0  0  0  0  0/0     6:35   0:00   0:00 
Raphael Diaz             0  0  0   0  0   0  1  0  0  0  0/0    12:06   0:00   0:55 
Scott Gomez              0  0  0   0  0   0  0  1  0  0  0/0     8:11   1:21   0:03 
Valeri Nichushkin        0  0  0   0  0   0  0  0  0  0  0/1     6:47   0:00   0:00 

3 Stars

1 - Ben Lovejoy (CAR)
2 - James Neal (CAR)
3 - James Wisniewski (CAR)

Power Play

Wild - 1 on 6 Attempt(s) - 16.67%
Hurricanes - 2 on 7 Attempt(s) - 28.57%

Penalty Kill

Wild - 5 on 7 Attempt(s) - 71.43% - Score 0 goal in Penalty Kill
Hurricanes - 5 on 6 Attempt(s) - 83.33% - Score 0 goal in Penalty Kill

Team Stat

Wild - Hits : 15 - Faceoff Wins : 46 - Blocked Shots : 9 - Penalty Minutes : 14
Hurricanes - Hits : 33 - Faceoff Wins : 36 - Blocked Shots : 7 - Penalty Minutes : 12

Official

Referees : Kelly Sutherland and Dave Lewis
Linesman : Michel Cormier and Tony Sericolo

Game Notes

No Game Note

Finance

Level 1 -- Attendance: 6000 (100.00%) -- Ticket Income $600,000
Level 2 -- Attendance: 5000 (100.00%) -- Ticket Income $325,000
Level 3 -- Attendance: 3265 (93.29%) -- Ticket Income $146,925
Level 4 -- Attendance: 2690 (83.28%) -- Ticket Income $72,630
Luxury Box -- Attendance: 1000 (100.00%) -- Ticket Income $200,000
Game was played at the PNC Arena'
Total Attendance: 17955 (95.86%)
Total Ticket Income: $1,344,555
Other Income: $201,683
Total Income: $1,546,238

% Time on Ice - Wild

Lines # - Real PCT - Wanted PCT - Time Play
Normal Forward
1 - 34% - 45% - 13:35
2 - 41% - 44% - 16:21
3 - 23% - 7% - 9:19
4 - 1% - 4% - 0:32
Normal Defense
1 - 36% - 40% - 14:31
2 - 34% - 30% - 13:33
3 - 27% - 25% - 10:55
4 - 2% - 5% - 0:48
PP Forward
1 - 56% - 50% - 4:04
2 - 44% - 50% - 3:10
PP Defense
1 - 52% - 50% - 3:47
2 - 48% - 50% - 3:27
PK Forward
1 - 45% - 50% - 4:49
2 - 55% - 50% - 5:51
PK Defense
1 - 55% - 50% - 5:52
2 - 45% - 50% - 4:48
PK3 Forward
1 - 0% - 50%
2 - 0% - 50%
PK3 Defense
1 - 0% - 50%
2 - 0% - 50%
44 Forward
1 - 63% - 50% - 1:28
2 - 37% - 50% - 0:51
44 Defense
1 - 45% - 50% - 1:02
2 - 55% - 50% - 1:17
Last Minute Offensive  - 0:00
Last Minute Defensive  - 0:00
Total
Forward - 60:00
Defense - 60:00

% Time on Ice - Hurricanes

Lines # - Real PCT - Wanted PCT - Time Play
Normal Forward
1 - 34% - 38% - 13:35
2 - 32% - 35% - 12:50
3 - 17% - 17% - 6:47
4 - 17% - 10% - 6:35
Normal Defense
1 - 33% - 35% - 13:01
2 - 35% - 35% - 14:05
3 - 28% - 17% - 11:11
4 - 4% - 13% - 1:30
PP Forward
1 - 50% - 57% - 5:20
2 - 50% - 43% - 5:20
PP Defense
1 - 58% - 50% - 6:09
2 - 42% - 50% - 4:31
PK Forward
1 - 56% - 50% - 3:15
2 - 44% - 50% - 2:32
PK Defense
1 - 40% - 50% - 2:20
2 - 60% - 50% - 3:27
PK3 Forward
1 - 77% - 60% - 1:07
2 - 23% - 40% - 0:20
PK3 Defense
1 - 100% - 60% - 1:27
2 - 0% - 40% - 0:00
44 Forward
1 - 45% - 50% - 1:03
2 - 55% - 50% - 1:16
44 Defense
1 - 55% - 50% - 1:16
2 - 45% - 50% - 1:03
Last Minute Offensive  - 0:00
Last Minute Defensive  - 0:00
Total
Forward - 60:00
Defense - 60:00

Play by Play

1st period


0:01 of 1st period - Mikko Koivu wins face-off versus Brad Richardson in neutral zone.
0:01 of 1st period - Mikko Koivu is hit by James Neal.
0:37 of 1st period - Shot by Blake Wheeler.
0:37 of 1st period - Shot Blocked by Marco Scandella.
1:18 of 1st period - Off-side.
1:19 of 1st period - Pierre-Marc Bouchard wins face-off versus Derek Roy in neutral zone.
2:24 of 1st period - Icing by Michael Stone.
2:25 of 1st period - Brian Boyle wins face-off versus Bobby Ryan in Wild zone.
2:33 of 1st period - Icing by Michael Stone.
2:34 of 1st period - Brian Boyle wins face-off versus Bobby Ryan in Wild zone.
2:40 of 1st period - Minor Penalty to Brian Boyle for Tripping.
2:41 of 1st period - Mikko Koivu wins face-off versus Blake Wheeler in Hurricanes zone.
3:00 of 1st period - Shot by Marian Gaborik.
3:00 of 1st period - Shot Blocked by James Wisniewski.
3:11 of 1st period - Marian Gaborik is hit by James Wisniewski and loses puck.
3:57 of 1st period - Shot by Fedor Tyutin.
3:57 of 1st period - Stopped by Sergei Bobrovsky without a rebound.
3:58 of 1st period - Erik Cole wins face-off versus Derek Roy in Hurricanes zone.
4:15 of 1st period - Shot by Daniel Alfredsson.
4:15 of 1st period - Stopped by Sergei Bobrovsky with a rebound.
4:41 of 1st period - Shot by Mikko Koivu.
4:41 of 1st period - Shot Misses the Net.
4:57 of 1st period - Shot by Michael Stone.
4:57 of 1st period - Shot Misses the Net.
5:00 of 1st period - Icing by Raphael Diaz.
5:01 of 1st period - Brian Boyle wins face-off versus Bobby Ryan in Hurricanes zone.
5:41 of 1st period - Fedor Tyutin is hit by Brian Boyle and loses puck.
6:27 of 1st period - Off-side.
6:28 of 1st period - Derek Roy wins face-off versus Pierre-Marc Bouchard in neutral zone.
6:42 of 1st period - Minor Penalty to Michael Stone for Roughing.
6:43 of 1st period - Erik Cole wins face-off versus Michael Frolik in Wild zone.
6:43 of 1st period - Erik Cole is hit by Nick Foligno.
7:09 of 1st period - Shot by Ben Lovejoy.
7:09 of 1st period - Deflect By Nick Foligno.
7:09 of 1st period - Shot Blocked by John-Michael Liles.
7:11 of 1st period - Shot by Derek Roy.
7:11 of 1st period - Stopped by Josh Harding without a rebound.
7:12 of 1st period - Erik Cole wins face-off versus Brian Boyle in Wild zone.
7:12 of 1st period - John-Michael Liles is hit by Brian Boyle and loses puck.
7:21 of 1st period - Shot by Kevin Czuczman.
7:21 of 1st period - Shot Misses the Net.
7:23 of 1st period - Shot by Blake Wheeler.
7:23 of 1st period - Shot Misses the Net.
7:25 of 1st period - Shot by Kevin Czuczman.
7:25 of 1st period - Deflect By Blake Wheeler.
7:25 of 1st period - Shot Blocked by John-Michael Liles.
7:51 of 1st period - Shot by Blake Wheeler.
7:51 of 1st period - Shot Misses the Net.
7:53 of 1st period - Shot by James Neal.
7:53 of 1st period - Shot Blocked by Chris Phillips.
8:29 of 1st period - Shot by Nick Foligno.
8:29 of 1st period - Goal by Nick Foligno - Wild : 0 - Hurricanes : 1.
8:30 of 1st period - Brandon McMillan wins face-off versus Bobby Ryan in neutral zone.
8:38 of 1st period - Off-side.
8:39 of 1st period - Bobby Ryan wins face-off versus Brandon McMillan in neutral zone.
9:09 of 1st period - Icing by Marco Scandella.
9:10 of 1st period - Bobby Ryan wins face-off versus Derek Roy in Wild zone.
9:20 of 1st period - Shot by Nick Foligno.
9:20 of 1st period - Stopped by Josh Harding without a rebound.
9:21 of 1st period - Mikko Koivu wins face-off versus James Neal in Wild zone.
9:21 of 1st period - Michael Stone is hit by Blake Wheeler.
9:32 of 1st period - Blake Wheeler is hit by Michael Stone and loses puck.
9:42 of 1st period - Mark Streit is hit by Blake Wheeler and loses puck.
9:59 of 1st period - James Neal is hit by Michael Stone and loses puck.
10:07 of 1st period - Mark Streit is hit by Brooks Orpik.
10:31 of 1st period - Icing by Marco Scandella.
10:32 of 1st period - Derek Roy wins face-off versus Marian Gaborik in Wild zone.
10:39 of 1st period - Shot by Nick Foligno.
10:39 of 1st period - Stopped by Josh Harding without a rebound.
10:40 of 1st period - Pierre-Marc Bouchard wins face-off versus Derek Roy in Wild zone.
11:01 of 1st period - Shot by Michael Frolik.
11:01 of 1st period - Stopped by Josh Harding without a rebound.
11:02 of 1st period - Mikko Koivu wins face-off versus Brandon McMillan in Wild zone.
11:02 of 1st period - Mikko Koivu is hit by Brandon McMillan.
11:31 of 1st period - Daniel Alfredsson is hit by Kevin Czuczman and loses puck.
11:58 of 1st period - Shot by Marian Gaborik.
11:58 of 1st period - Shot Misses the Net.
12:22 of 1st period - Shot by Marian Gaborik.
12:22 of 1st period - Stopped by Sergei Bobrovsky with a rebound.
12:39 of 1st period - Marian Gaborik is hit by Ben Lovejoy and loses puck.
12:58 of 1st period - Shot by Michael Frolik.
12:58 of 1st period - Shot Misses the Net.
13:20 of 1st period - Shot by Chris Phillips.
13:20 of 1st period - Stopped by Sergei Bobrovsky without a rebound.
13:20 of 1st period - Minor Penalty to Dustin Byfuglien for Hooking.
13:21 of 1st period - Mikko Koivu wins face-off versus Blake Wheeler in Hurricanes zone.
13:52 of 1st period - Shot by John-Michael Liles.
13:52 of 1st period - Stopped by Sergei Bobrovsky without a rebound.
13:53 of 1st period - Brian Boyle wins face-off versus Erik Cole in Hurricanes zone.
14:19 of 1st period - Shot by Erik Cole.
14:19 of 1st period - Shot Misses the Net.
14:21 of 1st period - Shot by Mark Streit.
14:21 of 1st period - Shot Blocked by Ben Lovejoy.
14:23 of 1st period - Shot by Mark Streit.
14:23 of 1st period - Shot Hit the Post.
14:25 of 1st period - Shot by Mark Streit.
14:25 of 1st period - Goal by Mark Streit - Wild : 1 - Hurricanes : 1.
14:26 of 1st period - Brad Richardson wins face-off versus Mikko Koivu in neutral zone.
14:29 of 1st period - Marco Scandella is hit by Blake Wheeler and loses puck.
14:36 of 1st period - Shot by Ben Lovejoy.
14:36 of 1st period - Goal by Ben Lovejoy - Wild : 1 - Hurricanes : 2.
14:37 of 1st period - Brad Richardson wins face-off versus Bobby Ryan in neutral zone.
14:53 of 1st period - Shot by James Neal.
14:53 of 1st period - Shot Blocked by Fedor Tyutin.
14:55 of 1st period - Shot by Brad Richardson.
14:55 of 1st period - Shot Blocked by Fedor Tyutin.
15:07 of 1st period - Shot by James Neal.
15:07 of 1st period - Stopped by Josh Harding with a rebound.
15:09 of 1st period - Shot by James Neal.
15:09 of 1st period - Deflect By Blake Wheeler.
15:09 of 1st period - Stopped by Josh Harding without a rebound.
15:10 of 1st period - Mikko Koivu wins face-off versus Derek Roy in Wild zone.
16:15 of 1st period - Pierre-Marc Bouchard is hit by James Wisniewski and loses puck.
16:18 of 1st period - Shot by Jesse Winchester.
16:18 of 1st period - Shot Misses the Net.
16:55 of 1st period - Shot by Marian Gaborik.
16:55 of 1st period - Shot Blocked by Dustin Byfuglien.
16:59 of 1st period - Shot by Marian Gaborik.
16:59 of 1st period - Shot Blocked by Dustin Byfuglien.
17:13 of 1st period - Shot by Marian Gaborik.
17:13 of 1st period - Shot Misses the Net.
18:38 of 1st period - Shot by Pierre-Marc Bouchard.
18:38 of 1st period - Stopped by Sergei Bobrovsky with a rebound.
18:46 of 1st period - Shot by Erik Cole.
18:46 of 1st period - Stopped by Sergei Bobrovsky without a rebound.
18:47 of 1st period - Bobby Ryan wins face-off versus Brandon McMillan in Hurricanes zone.
19:46 of 1st period - Raphael Diaz is hit by Milan Michalek and loses puck.
Goals for this period are 1 for Wild vs 2 for Hurricanes.
Shots for this period are 8 for Wild vs 8 for Hurricanes.

2nd period


0:01 of 2nd period - Mikko Koivu wins face-off versus Derek Roy in neutral zone.
0:22 of 2nd period - Shot by Michael Frolik.
0:22 of 2nd period - Goal by Michael Frolik - Wild : 1 - Hurricanes : 3.
0:23 of 2nd period - Brad Richardson wins face-off versus Bobby Ryan in neutral zone.
0:27 of 2nd period - Minor Penalty to John-Michael Liles for Tripping.
0:28 of 2nd period - Brian Boyle wins face-off versus Adam Hall in Wild zone.
1:03 of 2nd period - Shot by Dustin Byfuglien.
1:03 of 2nd period - Stopped by Josh Harding without a rebound.
1:04 of 2nd period - Adam Hall wins face-off versus Derek Roy in Wild zone.
1:17 of 2nd period - Shot by Ben Lovejoy.
1:17 of 2nd period - Deflect By Nick Foligno.
1:17 of 2nd period - Shot Misses the Net.
1:19 of 2nd period - Shot by Ben Lovejoy.
1:19 of 2nd period - Stopped by Josh Harding without a rebound.
1:20 of 2nd period - Pierre-Marc Bouchard wins face-off versus Derek Roy in Wild zone.
1:20 of 2nd period - Pierre-Marc Bouchard is hit by Nick Foligno.
1:23 of 2nd period - Minor Penalty to Nick Foligno for Tripping.
1:24 of 2nd period - Milan Michalek wins face-off versus James Neal in Hurricanes zone.
1:24 of 2nd period - Michael Stone is hit by James Wisniewski and loses puck.
2:02 of 2nd period - Shot by Marian Gaborik.
2:02 of 2nd period - Deflect By Milan Michalek.
2:02 of 2nd period - Shot Misses the Net.
2:47 of 2nd period - Shot by John-Michael Liles.
2:47 of 2nd period - Shot Misses the Net.
3:15 of 2nd period - Shot by Mark Streit.
3:15 of 2nd period - Stopped by Sergei Bobrovsky without a rebound.
3:16 of 2nd period - Blake Wheeler wins face-off versus Mikko Koivu in Hurricanes zone.
3:32 of 2nd period - John-Michael Liles is hit by Kevin Czuczman and loses puck.
4:21 of 2nd period - John-Michael Liles is hit by Dustin Byfuglien and loses puck.
4:58 of 2nd period - Shot by James Neal.
4:58 of 2nd period - Stopped by Josh Harding without a rebound.
4:59 of 2nd period - Brad Richardson wins face-off versus Bobby Ryan in Wild zone.
5:40 of 2nd period - Icing by Dustin Byfuglien.
5:41 of 2nd period - Mikko Koivu wins face-off versus Brad Richardson in Hurricanes zone.
5:42 of 2nd period - Shot by Mark Streit.
5:42 of 2nd period - Stopped by Sergei Bobrovsky with a rebound.
5:47 of 2nd period - Off-side.
5:48 of 2nd period - Mikko Koivu wins face-off versus Derek Roy in neutral zone.
5:48 of 2nd period - Mikko Koivu is hit by Nick Foligno.
6:00 of 2nd period - Shot by Nick Foligno.
6:00 of 2nd period - Shot Misses the Net.
6:02 of 2nd period - Shot by Derek Roy.
6:02 of 2nd period - Shot Misses the Net.
6:12 of 2nd period - Shot by Michael Frolik.
6:12 of 2nd period - Stopped by Josh Harding without a rebound.
6:13 of 2nd period - Bobby Ryan wins face-off versus Valeri Nichushkin in Wild zone.
6:13 of 2nd period - Bobby Ryan is hit by Brian Boyle.
6:22 of 2nd period - Icing by Raphael Diaz.
6:23 of 2nd period - Brian Boyle wins face-off versus Mikko Koivu in Hurricanes zone.
7:03 of 2nd period - Mikko Koivu is hit by Raphael Diaz and loses puck.
7:13 of 2nd period - Icing by Kevin Czuczman.
7:14 of 2nd period - Brian Boyle wins face-off versus Bobby Ryan in Hurricanes zone.
7:14 of 2nd period - Brian Boyle is hit by Milan Michalek.
7:46 of 2nd period - Shot by Bobby Ryan.
7:46 of 2nd period - Shot Misses the Net.
8:23 of 2nd period - Shot by Jesse Winchester.
8:23 of 2nd period - Shot Misses the Net.
8:35 of 2nd period - Pierre-Marc Bouchard is hit by Brad Richardson.
8:41 of 2nd period - John-Michael Liles is hit by James Neal and loses puck.
8:45 of 2nd period - Icing by John-Michael Liles.
8:46 of 2nd period - Jesse Winchester wins face-off versus Derek Roy in Wild zone.
9:57 of 2nd period - Shot by Milan Michalek.
9:57 of 2nd period - Stopped by Sergei Bobrovsky without a rebound.
9:58 of 2nd period - Brian Boyle wins face-off versus Milan Michalek in Hurricanes zone.
10:32 of 2nd period - Off-side.
10:33 of 2nd period - Brad Richardson wins face-off versus Pierre-Marc Bouchard in neutral zone.
11:31 of 2nd period - Off-side.
11:32 of 2nd period - Derek Roy wins face-off versus Bobby Ryan in neutral zone.
11:41 of 2nd period - Shot by Ben Lovejoy.
11:41 of 2nd period - Stopped by Josh Harding without a rebound.
11:42 of 2nd period - Derek Roy wins face-off versus Mikko Koivu in Wild zone.
11:42 of 2nd period - Michael Frolik is hit by Fedor Tyutin and loses puck.
12:07 of 2nd period - Shot by Mikko Koivu.
12:07 of 2nd period - Stopped by Sergei Bobrovsky without a rebound.
12:08 of 2nd period - Bobby Ryan wins face-off versus Brian Boyle in Hurricanes zone.
12:11 of 2nd period - Shot by Bobby Ryan.
12:11 of 2nd period - Shot Blocked by Scott Gomez.
12:16 of 2nd period - Icing by Kevin Czuczman.
12:17 of 2nd period - Brian Boyle wins face-off versus Bobby Ryan in Hurricanes zone.
12:33 of 2nd period - Icing by Mark Streit.
12:34 of 2nd period - Derek Roy wins face-off versus Bobby Ryan in Wild zone.
13:25 of 2nd period - Icing by Mark Streit.
13:26 of 2nd period - Bobby Ryan wins face-off versus Brad Richardson in Wild zone.
13:26 of 2nd period - Bobby Ryan is hit by James Neal.
13:41 of 2nd period - Minor Penalty to Fedor Tyutin for Tripping.
13:42 of 2nd period - Adam Hall wins face-off versus James Neal in Wild zone.
13:48 of 2nd period - Icing by Brian Boyle.
13:49 of 2nd period - Adam Hall wins face-off versus Brian Boyle in Hurricanes zone.
14:10 of 2nd period - Shot by Kevin Czuczman.
14:10 of 2nd period - Stopped by Josh Harding without a rebound.
14:11 of 2nd period - Pierre-Marc Bouchard wins face-off versus Derek Roy in Wild zone.
14:11 of 2nd period - Pierre-Marc Bouchard is hit by Nick Foligno.
14:41 of 2nd period - Shot by Nick Foligno.
14:41 of 2nd period - Stopped by Josh Harding with a rebound.
15:47 of 2nd period - Shot by Alex Chiasson.
15:47 of 2nd period - Stopped by Josh Harding with a rebound.
16:59 of 2nd period - Icing by Kevin Czuczman.
17:00 of 2nd period - Brian Boyle wins face-off versus Jesse Winchester in Hurricanes zone.
17:20 of 2nd period - Kevin Czuczman is hit by Jesse Winchester and loses puck.
17:25 of 2nd period - Shot by Jesse Winchester.
17:25 of 2nd period - Stopped by Sergei Bobrovsky without a rebound.
17:26 of 2nd period - Brad Richardson wins face-off versus Mikko Koivu in Hurricanes zone.
17:26 of 2nd period - Brad Richardson is hit by Mikko Koivu.
17:40 of 2nd period - Shot by James Neal.
17:40 of 2nd period - Shot Misses the Net.
17:42 of 2nd period - Shot by Ben Lovejoy.
17:42 of 2nd period - Stopped by Josh Harding without a rebound.
17:43 of 2nd period - Bobby Ryan wins face-off versus Michael Frolik in Wild zone.
17:43 of 2nd period - John-Michael Liles is hit by Nick Foligno and loses puck.
18:03 of 2nd period - Shot by Nick Foligno.
18:03 of 2nd period - Stopped by Josh Harding without a rebound.
18:04 of 2nd period - Mikko Koivu wins face-off versus Brad Richardson in Wild zone.
18:04 of 2nd period - Mikko Koivu is hit by James Neal.
18:15 of 2nd period - Marco Scandella is hit by Kevin Czuczman and loses puck.
18:16 of 2nd period - Minor Penalty to Kevin Czuczman for Cross-checking.
18:17 of 2nd period - Blake Wheeler wins face-off versus Erik Cole in Hurricanes zone.
18:59 of 2nd period - Minor Penalty to Michael Stone for High sticking.
19:00 of 2nd period - Mikko Koivu wins face-off versus Derek Roy in Wild zone.
19:00 of 2nd period - Mikko Koivu is hit by James Neal.
19:07 of 2nd period - Icing by Dustin Byfuglien.
19:08 of 2nd period - Milan Michalek wins face-off versus Derek Roy in Hurricanes zone.
19:09 of 2nd period - Shot by Marian Gaborik.
19:09 of 2nd period - Shot Misses the Net.
19:46 of 2nd period - Shot by James Neal.
19:46 of 2nd period - Stopped by Josh Harding without a rebound.
19:47 of 2nd period - Mikko Koivu wins face-off versus Nick Foligno in Wild zone.
19:52 of 2nd period - Shot by Mark Streit.
19:52 of 2nd period - Shot Blocked by James Wisniewski.
19:54 of 2nd period - Shot by Mikko Koivu.
19:54 of 2nd period - Shot Misses the Net.
19:56 of 2nd period - Shot by Daniel Alfredsson.
19:56 of 2nd period - Shot Misses the Net.
Goals for this period are 0 for Wild vs 1 for Hurricanes.
Shots for this period are 5 for Wild vs 12 for Hurricanes.

3rd period


0:01 of 3rd period - Mikko Koivu wins face-off versus Derek Roy in neutral zone.
0:16 of 3rd period - Shot by Dustin Byfuglien.
0:16 of 3rd period - Goal by Dustin Byfuglien - Wild : 1 - Hurricanes : 4.
0:17 of 3rd period - Brian Boyle wins face-off versus Bobby Ryan in neutral zone.
1:35 of 3rd period - Daniel Alfredsson is hit by Dustin Byfuglien and loses puck.
1:55 of 3rd period - Minor Penalty to Dustin Byfuglien for Interference.
1:56 of 3rd period - Brian Boyle wins face-off versus Erik Cole in Hurricanes zone.
2:06 of 3rd period - Icing by Fedor Tyutin.
2:07 of 3rd period - Erik Cole wins face-off versus Blake Wheeler in Wild zone.
2:27 of 3rd period - Minor Penalty to Brooks Orpik for Tripping.
2:28 of 3rd period - Michael Ryder wins face-off versus James Neal in Hurricanes zone.
3:26 of 3rd period - Shot by Fedor Tyutin.
3:26 of 3rd period - Stopped by Sergei Bobrovsky with a rebound.
4:30 of 3rd period - Chris Phillips is hit by Dustin Byfuglien and loses puck.
4:43 of 3rd period - Shot by Brandon McMillan.
4:43 of 3rd period - Shot Misses the Net.
4:49 of 3rd period - Shot by Alex Chiasson.
4:49 of 3rd period - Shot Blocked by John-Michael Liles.
4:51 of 3rd period - Shot by Ben Lovejoy.
4:51 of 3rd period - Shot Blocked by Chris Phillips.
5:05 of 3rd period - Shot by Alex Chiasson.
5:05 of 3rd period - Stopped by Josh Harding with a rebound.
5:15 of 3rd period - Michael Frolik is hit by Erik Cole and loses puck.
5:52 of 3rd period - John-Michael Liles is hit by Nick Foligno and loses puck.
5:56 of 3rd period - Off-side.
5:57 of 3rd period - Adam Hall wins face-off versus Brad Richardson in neutral zone.
6:05 of 3rd period - Daniel Alfredsson is hit by Kevin Czuczman and loses puck.
6:28 of 3rd period - Shot by Marco Scandella.
6:28 of 3rd period - Stopped by Sergei Bobrovsky without a rebound.
6:29 of 3rd period - Mikko Koivu wins face-off versus Brian Boyle in Hurricanes zone.
6:40 of 3rd period - Shot by Mark Streit.
6:40 of 3rd period - Shot Blocked by Brian Boyle.
6:42 of 3rd period - Shot by Mikko Koivu.
6:42 of 3rd period - Shot Misses the Net.
6:44 of 3rd period - Shot by Michael Ryder.
6:44 of 3rd period - Shot Misses the Net.
7:01 of 3rd period - Icing by Dustin Byfuglien.
7:02 of 3rd period - Brian Boyle wins face-off versus Bobby Ryan in Hurricanes zone.
7:02 of 3rd period - Brian Boyle is hit by Bobby Ryan.
7:07 of 3rd period - Ben Lovejoy is hit by Marco Scandella.
7:46 of 3rd period - Blake Wheeler is hit by Marco Scandella.
8:12 of 3rd period - Shot by James Neal.
8:12 of 3rd period - Shot Misses the Net.
8:26 of 3rd period - Shot by Michael Frolik.
8:26 of 3rd period - Stopped by Josh Harding without a rebound.
8:27 of 3rd period - Mikko Koivu wins face-off versus Nick Foligno in Wild zone.
8:41 of 3rd period - Shot by Mikko Koivu.
8:41 of 3rd period - Stopped by Sergei Bobrovsky without a rebound.
8:42 of 3rd period - Brandon McMillan wins face-off versus Pierre-Marc Bouchard in Hurricanes zone.
8:42 of 3rd period - Brandon McMillan is hit by Chris Phillips.
8:45 of 3rd period - Icing by Dustin Byfuglien.
8:46 of 3rd period - Daniel Alfredsson wins face-off versus Brandon McMillan in Hurricanes zone.
8:59 of 3rd period - Off-side.
9:00 of 3rd period - Derek Roy wins face-off versus Pierre-Marc Bouchard in neutral zone.
9:04 of 3rd period - James Wisniewski is hit by Jesse Winchester and loses puck.
10:21 of 3rd period - James Wisniewski is hit by Michael Ryder and loses puck.
10:41 of 3rd period - Minor Penalty to Fedor Tyutin for Goalie Interference.
10:42 of 3rd period - Adam Hall wins face-off versus Brian Boyle in Wild zone.
11:09 of 3rd period - Shot by Dustin Byfuglien.
11:09 of 3rd period - Shot Misses the Net.
11:17 of 3rd period - Shot by Dustin Byfuglien.
11:17 of 3rd period - Stopped by Josh Harding without a rebound.
11:18 of 3rd period - Pierre-Marc Bouchard wins face-off versus Brian Boyle in Wild zone.
12:11 of 3rd period - Shot by James Wisniewski.
12:11 of 3rd period - Deflect By Alex Chiasson.
12:11 of 3rd period - Shot Misses the Net.
12:56 of 3rd period - Shot by Milan Michalek.
12:56 of 3rd period - Stopped by Sergei Bobrovsky with a rebound.
12:58 of 3rd period - Shot by Mark Streit.
12:58 of 3rd period - Stopped by Sergei Bobrovsky without a rebound.
12:59 of 3rd period - Brad Richardson wins face-off versus Bobby Ryan in Hurricanes zone.
13:09 of 3rd period - Minor Penalty to Milan Michalek for High sticking.
13:10 of 3rd period - Adam Hall wins face-off versus Derek Roy in Wild zone.
13:59 of 3rd period - Shot by James Neal.
13:59 of 3rd period - Stopped by Josh Harding with a rebound.
14:01 of 3rd period - Shot by Kevin Czuczman.
14:01 of 3rd period - Deflect By Brian Boyle.
14:01 of 3rd period - Shot Blocked by Erik Cole.
14:03 of 3rd period - Shot by James Wisniewski.
14:03 of 3rd period - Stopped by Josh Harding with a rebound.
14:05 of 3rd period - Shot by James Wisniewski.
14:05 of 3rd period - Shot Misses the Net.
14:07 of 3rd period - Shot by Brian Boyle.
14:07 of 3rd period - Stopped by Josh Harding without a rebound.
14:08 of 3rd period - Brian Boyle wins face-off versus Pierre-Marc Bouchard in Wild zone.
14:32 of 3rd period - Icing by Brian Boyle.
14:33 of 3rd period - Brian Boyle wins face-off versus Pierre-Marc Bouchard in Hurricanes zone.
14:40 of 3rd period - Shot by Blake Wheeler.
14:40 of 3rd period - Shot Misses the Net.
15:33 of 3rd period - Shot by Milan Michalek.
15:33 of 3rd period - Stopped by Sergei Bobrovsky without a rebound.
15:34 of 3rd period - Daniel Alfredsson wins face-off versus Derek Roy in Hurricanes zone.
15:41 of 3rd period - Shot by Michael Ryder.
15:41 of 3rd period - Shot Misses the Net.
15:43 of 3rd period - Shot by Michael Ryder.
15:43 of 3rd period - Stopped by Sergei Bobrovsky without a rebound.
15:44 of 3rd period - Bobby Ryan wins face-off versus Nick Foligno in Hurricanes zone.
15:50 of 3rd period - Icing by Ben Lovejoy.
15:51 of 3rd period - Derek Roy wins face-off versus Bobby Ryan in Hurricanes zone.
15:51 of 3rd period - Derek Roy is hit by Bobby Ryan.
16:13 of 3rd period - Shot by Michael Frolik.
16:13 of 3rd period - Shot Misses the Net.
16:15 of 3rd period - Shot by Michael Frolik.
16:15 of 3rd period - Shot Misses the Net.
16:17 of 3rd period - Shot by Ben Lovejoy.
16:17 of 3rd period - Stopped by Josh Harding without a rebound.
16:18 of 3rd period - Brad Richardson wins face-off versus Mikko Koivu in Wild zone.
17:23 of 3rd period - Minor Penalty to Fedor Tyutin for Interference.
17:24 of 3rd period - Adam Hall wins face-off versus Derek Roy in Wild zone.
17:49 of 3rd period - Shot by Nick Foligno.
17:49 of 3rd period - Stopped by Josh Harding without a rebound.
17:50 of 3rd period - Erik Cole wins face-off versus Brian Boyle in Wild zone.
17:50 of 3rd period - Erik Cole is hit by Brian Boyle.
18:23 of 3rd period - Shot by Blake Wheeler.
18:23 of 3rd period - Stopped by Josh Harding without a rebound.
18:24 of 3rd period - Derek Roy wins face-off versus Adam Hall in Wild zone.
19:26 of 3rd period - Icing by Bobby Ryan.
19:27 of 3rd period - Brad Richardson wins face-off versus Marian Gaborik in Wild zone.
19:40 of 3rd period - Shot by Blake Wheeler.
19:40 of 3rd period - Shot Misses the Net.
19:42 of 3rd period - Shot by Blake Wheeler.
19:42 of 3rd period - Shot Misses the Net.
Goals for this period are 0 for Wild vs 1 for Hurricanes.
Shots for this period are 7 for Wild vs 10 for Hurricanes.


Output by the SimonT Hockey Simulator (STHS) for Stephane Roy -- Original Page W3C XHTML 1.0 Valid
Hockey Simulator - Hockey Simulation - Hockey Manager